 Dungeon Crawl Stone Soup version 0.29-a0-284-gf9362112df (webtiles) character file.

Game seed: 17817594166534355550

562713 testman the Iron Dragon (level 25, -2/209 HPs)
             Began as a Grey Draconian Conjurer on Mar 18, 2022.
             Was the Champion of Vehumet.
             Slain by a death cob (14 damage)
             ... on level 1 of the Realm of Zot on Mar 19, 2022.
             The game lasted 09:14:44 (89869 turns).

testman the Iron Dragon (Grey Draconian Conjurer)  Turns: 89869, Time: 09:14:45

Health: -2/209     AC: 25    Str: 17    XL:     25   Next: 39%
Magic:  9/48       EV: 17    Int: 28    God:    Vehumet [******]
Gold:   4276       SH: 13    Dex: 14    Spells: 0/67 levels left

rFire   + . .      SeeInvis +   L - staff of earth
rCold   + . .      Faith    .   E - +3 warlock's mirror {reflect}
rNeg    + . .      Spirit   .   (body armour unavailable)
rPois   +          Reflect  +   g - +2 hat
rElec   +          Harm     .   v - +0 cloak of Faniamni {rN+ Dex+4}
rCorr   .          Rampage  .   f - +2 pair of gloves {hurl}
Will    +....                   c - +1 pair of boots of Kifrir {rPois Str+5}
Stlth   ++........              Z - amulet of reflection
HPRegen 0.44/turn               n - ring "Vopluotz" {rElec rF+}
MPRegen 0.31/turn               B - ring of the Pariah {+Blink rC+ Slay+3 SInv}

@: slowed, studying Polearms, invisible, very slow
A: AC +17, amphibious, unfitting armour, cold-blooded
}: 3/15 runes: serpentine, barnacled, silver
a: Renounce Religion, Evoke Blink


You were on level 1 of the Realm of Zot.
You worshipped Vehumet.
Vehumet was exalted by your worship.
You visited 10 branches of the dungeon, and saw 45 of its levels.
You also visited: Trove, Ossuary, Ice Cave and Volcano.

You collected 7176 gold pieces.
You spent 2900 gold pieces at shops.

Inventory:

Missiles
 H - 4 boomerangs of dispersal
 J - 4 throwing nets
Armour
 c - the +1 pair of boots of Kifrir (worn) {rPois Str+5}
   (You found it in a volcano)

   Str:       It affects your strength (+5).
   rPois:     It protects you from poison.
 f - a +2 pair of gloves of hurling (worn)
 g - a +2 hat (worn)
 v - the +0 cloak of Faniamni (worn) {rN+ Dex+4}
   (You found it on level 10 of the Dungeon)

   Dex:       It affects your dexterity (+4).
   rN:        It protects you from negative energy.
 E - the +3 warlock's mirror (worn) {reflect}
   (You bought it in a shop on level 4 of the Dungeon)

   It can block and reflect piercing ranged attacks and magical attacks against
   the wielder's willpower.
Magical Staves
 L - a staff of earth (weapon)
Jewellery
 b - a ring of flight
 d - a ring of magical power
 n - the ring "Vopluotz" (left hand) {rElec rF+}
   (You took it off a deep elf demonologist on level 3 of the Elven Halls)

   [ring of protection from fire]

   rF:        It protects you from fire.
   rElec:     It insulates you from electricity.
 B - the ring of the Pariah (right hand) {+Blink rC+ Slay+3 SInv}
   (You bought it in a shop on level 2 of the Orcish Mines)

   [ring of see invisible]

   Slay:      It affects your accuracy & damage with ranged weapons and melee
   (+3).
   rC:        It protects you from cold.
   SInv:      It lets you see invisible.
   +Blink:    It lets you blink.
 M - an amulet of regeneration
 P - a ring of resist corrosion
 R - the ring "Qoloizur" {Drain rC+ rN++ AC+4}
   (You took it off a merfolk on level 4 of the Shoals)

   [ring of protection]

   AC:        It affects your AC (+4).
   rC:        It protects you from cold.
   rN:        It greatly protects you from negative energy.
   Drain:     It drains your maximum health when unequipped.
 Z - an amulet of reflection (around neck)
Wands
 h - a wand of polymorph (18)
 p - a wand of mindburst (25)
 q - a wand of digging (17)
 y - a wand of iceblast (30)
 C - a wand of flame (54)
 I - a wand of paralysis (26)
 K - a wand of charming (6)
Scrolls
 m - 18 scrolls of teleportation
 w - 4 scrolls of silence
 G - 5 scrolls of fear
 O - a scroll of holy word
 S - 10 scrolls of fog
 X - 9 scrolls of magic mapping
Potions
 a - 4 potions of magic
 e - 18 potions of curing
 k - 4 potions of resistance
 l - 3 potions of invisibility
 o - a potion of ambrosia
 s - 7 potions of mutation
 t - 3 potions of haste
 u - 5 potions of cancellation
 x - 2 potions of heal wounds
 z - 9 potions of flight
 A - 5 potions of brilliance
 D - 5 potions of might
Miscellaneous
 i - a condenser vane
 j - a box of beasts
 r - a phantom mirror
 F - a piece from Xom's chessboard (15/15)
 N - a lightning rod (4/4)
 U - a phial of floods


   Skills:
 + Level 13.9 Fighting
 - Level 2.0(7.8) Polearms
 - Level 11.9(12.0) Staves
 + Level 12.2 Dodging
 - Level 1.7 Stealth
 - Level 4.0 Shields
 + Level 21.8 Spellcasting
 + Level 19.2 Conjurations
 - Level 6.0 Hexes
 - Level 3.0 Translocations
 - Level 2.0 Fire Magic
 O Level 27 Earth Magic
 + Level 14.1 Evocations


You couldn't memorise any spells.
You knew the following spells:

 Your Spells              Type           Power      Damage    Failure   Level
a - Magic Dart            Conj           100%       1d8       0%          1
b - Yara's Violent Unrav  Hex/Tmut       23%        3d10      3%          5
c - Dazzling Flash        Conj/Hex       100%       N/A       1%          3
d - Fulminant Prism       Conj/Hex       39%        3d18      1%          4
e - Stone Arrow           Conj/Erth      100%       3d13      0%          3
f - Passwall              Tmut/Erth      85%        N/A       0%          2
g - Leda's Liquefaction   Hex/Erth       55%        N/A       1%          4
h - Lee's Rapid Deconstr  Erth           67%        3d31*     0%          5
i - Lehudib's Crystal Sp  Conj/Erth      63%        10d14     1%          8
j - Iskenderun's Battles  Conj           95%        2d14      0%          5
k - Iron Shot             Conj/Erth      63%        9d12      0%          6
l - Fireball              Conj/Fire      37%        3d15      1%          5
m - Shatter               Erth           67%        3d49*     1%          9
n - Iskenderun's Mystic   Conj/Tloc      75%        2d15      1%          4
o - Swiftness             Air            30%        N/A       4%          3

Your spell library contained the following spells:

 Spells                   Type           Power      Damage    Failure   Level
 Foxfire                  Conj/Fire      100%       2x1d9     0%          1
 Sandblast                Erth           100%       2d20      0%          1
 Searing Ray              Conj           100%       2d8       0%          2
 Animate Skeleton         Necr           60%        N/A       1%          1
 Apportation              Tloc           94%        N/A       1%          1
 Freeze                   Ice            100%       1d11      1%          1
 Pain                     Necr           100%       1d9       1%          1
 Shock                    Conj/Air       100%       1d9       1%          1
 Blink                    Tloc           94%        N/A       1%          2
 Ensorcelled Hibernation  Hex/Ice        94%        N/A       1%          2
 Poisonous Vapours        Pois/Air       60%        N/A       1%          2
 Scorch                   Fire           82%        2d9       1%          2
 Static Discharge         Conj/Air       71%        N/A       1%          2
 Confusing Touch          Hex            59%        N/A       1%          3
 Conjure Flame            Conj/Fire      74%        6-21      1%          3
 Frozen Ramparts          Ice            60%        1d8       1%          3
 Gell's Gravitas          Tloc           47%        N/A       1%          3
 Ignite Poison            Fire/Tmut/Pois 34%        N/A       1%          3
 Inner Flame              Hex/Fire       52%        N/A       1%          3
 Lesser Beckoning         Tloc           47%        N/A       1%          3
 Mephitic Cloud           Conj/Pois/Air  61%        N/A       1%          3
 Portal Projectile        Hex/Tloc       100%       N/A       1%          3
 Teleport Other           Tloc           47%        N/A       1%          3
 Tukima's Dance           Hex            59%        N/A       1%          3
 Flame Wave               Conj/Fire      74%        2d13      1%          4
 Hailstorm                Conj/Ice       71%        3d15      1%          4
 Freezing Cloud           Conj/Ice/Air   30%        6-21      1%          5
 Irradiate                Conj/Tmut      35%        3d25      1%          5
 Lightning Bolt           Conj/Air       35%        1d53      1%          5
 Starburst                Conj/Fire      37%        6d11      1%          6
 Statue Form              Tmut/Erth      68%        N/A       1%          6
 Call Imp                 Summ           30%        N/A       2%          2
 Corpse Rot               Necr/Air       60%        N/A       2%          2
 Spider Form              Tmut/Pois      30%        N/A       4%          3
 Vampiric Draining        Necr           30%        2d8       4%          3
 Airstrike                Air            15%        N/A       4%          4
 Anguish                  Hex/Necr       23%        N/A       4%          4
 Olgreb's Toxic Radiance  Pois           30%        N/A       4%          4
 Passage of Golubria      Tloc           47%        N/A       4%          4
 Manifold Assault         Tloc           47%        N/A       12%         5
 Metabolic Englaciation   Hex/Ice        23%        N/A       12%         5
 Silence                  Hex/Air        23%        N/A       12%         5
 Summon Mana Viper        Hex/Summ       47%        N/A       12%         5
 Dispel Undead            Necr           30%        3d14      16%         4
 Ice Form                 Ice/Tmut       30%        N/A       16%         4
 Summon Ice Beast         Ice/Summ       30%        N/A       16%         4
 Summon Lightning Spire   Summ/Air       30%        N/A       16%         4
 Agony                    Necr           30%        N/A       38%         5
 Alistair's Intoxication  Tmut/Pois      20%        N/A       38%         5
 Blade Hands              Tmut           15%        N/A       38%         5
 Excruciating Wounds      Necr           15%        N/A       38%         5
 Eringya's Noxious Bog    Tmut/Pois      15%        N/A       50%         6
 Dispersal                Tloc           23%        N/A       56%         6
 Enfeeble                 Hex            29%        N/A       73%         7
 Death Channel            Necr           15%        N/A       93%         6
 Simulacrum               Ice/Necr       15%        N/A       93%         6
 Summon Cactus Giant      Summ           15%        N/A       93%         6
 Ozocubu's Refrigeration  Ice            15%        4d8       95%         7
 Chain Lightning          Conj/Air       35%        3d47      99%         9
 Haunt                    Necr/Summ      15%        N/A       100%        7
 Monstrous Menagerie      Summ           15%        N/A       100%        7
 Storm Form               Tmut/Air       15%        N/A       100%        7
 Borgnjor's Revivificati  Necr           15%        N/A       100%        8
 Disjunction              Tloc           23%        N/A       100%        8
 Ignition                 Fire           20%        3d7       100%        8
 Maxwell's Capacitive Co  Air            15%        ∞         100%        8
 Necromutation            Tmut/Necr      15%        N/A       100%        8
 Death's Door             Necr           15%        N/A       100%        9
 Polar Vortex             Ice            15%        N/A       100%        9


Dungeon Overview and Level Annotations

Branches:
Dungeon (15/15)            Temple (1/1) D:5            Lair (6/6) D:10
 Shoals (4/4) Lair:2        Snake (4/4) Lair:4        Slime (0/5) Lair:6
    Orc (2/2) D:11            Elf (3/3) Orc:2        Vaults (5/5) D:13
  Crypt (0/3) Vaults:3     Depths (4/4) D:15            Zot (1/5) Depths:4
Ossuary (visited)           IceCv (visited)         Volcano (visited)

Altars:
Ashenzari
Cheibriados
Dithmenos
Elyvilon
Fedhas
Gozag
Hepliaklqana
Kikubaaqudgha
Makhleb
Nemelex Xobeh
Okawaru
Qazlal
Ru
Sif Muna
Trog
Uskayaw
Vehumet
Wu Jian
Xom
Yredelemnul
Zin
The Shining One
Beogh

Shops:
D:4 [   D:5 !   D:7 (   D:8 (   D:10 !?:   D:15 (   Orc:2 *=(:   Elf:2 ?
Shoals:4 !   Snake:1 :==   Snake:2 [?=   Vaults:2 ?

Portals:
Hell: Depths:1 Depths:2 Depths:3 Depths:4
Abyss: Depths:3
Pandemonium: Depths:2 Depths:4
Ziggurat: Depths:2

Annotations:
Depths:4 Robrejig's ghost, legendary DsFi; Ytolar's ghost, legendary DsFi


Innate Abilities, Weirdness & Mutations

Your dull iron-grey scales are very hard. (AC +17)
You are amphibious.
You cannot fit into any form of body armour.
You are cold-blooded and may be slowed by cold attacks.


Message History

Okay, then.
Okay, then.
Okay, then.
Unknown command.
You fade into invisibility!
The death cob hits you!
* * * LOW HITPOINT WARNING * * *
The death cob drains your vigour!
You feel as though you will be slow longer.
You block the death cob's attack.
A moth of wrath comes into view.
The death cob barely misses you. You block the death cob's attack.
You blink.
You block the death cob's attack.
You feel stable enough to blink again. You block the death cob's attack.
The death cob closely misses you. The death cob hits you!
* * * LOW HITPOINT WARNING * * *
Things that are here:
a +3 battleaxe; a +0 cloak You feel much better.
The death cob misses you. The death cob barely misses you.
The death cob closely misses you. x2
The death cob closely misses you. x2; You block the death cob's attack.
The death cob barely misses you.
The death cob hits you but does no damage.
The death cob hits you.
* * * LOW HITPOINT WARNING * * *
The death cob drains your vigour!
You feel as though you will be slow longer.
The death cob hits you!
* * * LOW HITPOINT WARNING * * *
The death cob completely misses you.
Blink to where?
Press: ? - help, Dir - move target
As you read the scroll of blinking, it crumbles to dust.
As you read the scroll of fog, it crumbles to dust.
The scroll dissolves into smoke.
The death cob barely misses you.
As you read the scroll of summoning, it crumbles to dust.
Wisps of shadow whirl around you... The death cob misses you. x2
The death cob hits you!
You die...

§§§§§§§§§≈
#..#.##..#.....#
§≈≈§§≈≈§§§
##.....###..y..#
§§≈§§§§§≈ #..#### #.....#
§§§≈≈≈§≈#### #...#### ..
≈§≈≈≈≈.....# #####......#
§≈≈........# #..........#
#........# #d§zd§.....#
#)..)..[.# #§dzd§.....#
###..[.)...###dq@§§.....#
.............q####+#....#
............[..D...######
)..........'..######
...........'.......#
...........'...###[#
......)....'.......#
......=....'.D.#####
.)..[).....'...#


You could see a death cob (can't see you, ally target), a friendly green
draconian monk (summoned), a friendly black draconian (summoned), a friendly
green draconian (summoned), a friendly purple draconian (summoned), 2 friendly
draconians, a friendly death cob (summoned) and a friendly red draconian
scorcher (summoned).

Vanquished Creatures
  An orb of fire (Zot:1)
  2 ancient liches (Vaults:5)
  Mara (Vaults:2)
  The ghost of Meadakhi the Spry, a master DgEE (Depths:4)
  2 juggernauts
  Parghit (Depths:4)
  Saint Roka (Vaults:1)
  Vashnia (Snake:4)
  A golden dragon (Depths:4)
  Jory (Depths:4)
  the Enchantress (Depths:2)
  3 electric golems (Zot:1)
  A walking crystal tome (Depths:4)
  7 tentacled monstrosities
  A lich (Vaults:4)
  Asterion (Snake:1)
  4 deep elf blademasters
  3 quicksilver dragons
  4 titans
  3 deep elf master archers (Elf:3)
  An ancient champion (Vaults:3)
  Frances (D:12)
  10 sphinxes
  2 thorn hunters (Depths:2)
  A kraken (Shoals:1)
  10 storm dragons
  11 shadow dragons
  A draconian monk (Zot:1)
  10 tengu reavers
  Roxanne (Elf:1)
  5 nagarajas (Snake:4)
  9 fire giants
  Louise (Snake:4)
  3 iron dragons
  3 draconian knights (Zot:1)
  7 deep elf sorcerers
  2 balrugs (Depths:4)
  2 orc warlords
  Aizul (Snake:4)
  8 frost giants
  A draconian scorcher (Zot:1)
  20 vault wardens
  19 ironbound preservers
  2 angels (Depths:2)
  2 draconian shifters (Zot:1)
  5 draconian stormcallers
  4 spectral caustic shrikes (Depths:3)
  2 war gargoyles
  4 spriggan defenders
  2 deep elf elementalists (Elf:3)
  14 stone giants
  A draconian annihilator (Zot:1)
  5 ironbound thunderhulks
  33 very ugly things
  An ophan (Depths:1)
  A stone giant (shapeshifter) (Depths:4)
  3 black draconians (Zot:1)
  A reaper (Depths:4)
  A vampire knight (Depths:2)
  2 green draconians (Zot:1)
  8 deep elf annihilators
  3 deep elf demonologists (Elf:3)
  5 white draconians
  6 red draconians
  4 entropy weavers
  2 purple draconians (Zot:1)
  A spark wasp (shapeshifter) (Vaults:5)
  3 yellow draconians
  Snorg (D:14)
  4 dire elephants
  12 ettins
  9 fire dragons
  7 deep elf death magi
  A green death (Depths:2)
  4 merfolk javelineers
  11 merfolk impalers
  5 great orbs of eyes
  Josephine (D:15)
  13 yaktaur captains
  7 deep elf high priests
  7 naga warriors
  8 boulder beetles
  Erolcha (Orc:2)
  A salamander tyrant (Snake:4)
  37 vault guards
  3 rakshasas (Depths:2)
  9 hydras
  6 spriggan air magi
  14 ironbound frosthearts
  2 merfolk avatars
  4 peacekeepers
  8 ice dragons
  A radroach (shapeshifter) (Vaults:5)
  An alligator snapping turtle (Shoals:4)
  10 anacondas
  15 centaur warriors
  An ogre mage (Vaults:5)
  Erica (D:10)
  7 merfolk aquamancers
  6 tengu warriors
  A two-headed ogre (shapeshifter) (Depths:3)
  2 deep troll shamans (Depths:4)
  6 two-headed ogres
  2 deep troll earth magi
  32 dancing weapons
  5 shock serpents
  2 satyrs
  2 vampire magi (Vaults:3)
  Urug (Lair:4)
  14 naga sharpshooters
  An orc high priest (Orc:2)
  3 spriggan berserkers
  11 hell knights
  A skeletal warrior (Vaults:3)
  21 deep elf knights
  A sun demon (Depths:4)
  A soul eater (Depths:4)
  5 salamander mystics
  A shadow wraith (Vaults:5)
  A sixfirhy (Depths:4)
  5 iron trolls
  A fire crab (Volcano)
  2 flayed ghosts
  3 glowing orange brains
  2 glowing orange brains (shapeshifter)
  A sea snake (shapeshifter) (Depths:3)
  41 deep trolls
  A goliath frog (shapeshifter) (Vaults:3)
  2 orange crystal statues
  7 naga ritualists
  17 sea snakes
  15 ironbound convokers
  7 lindwurms
  A lindwurm (shapeshifter) (Depths:3)
  Pikel (D:4)
  A harpy (shapeshifter) (D:15)
  15 deep elf archers
  8 phantasmal warriors
  12 orc knights
  4 wolf spiders
  A swamp dragon (Lair:6)
  A tengu zombie (Vaults:3)
  11 wizards
  24 deep elf pyromancers
  29 harpies
  6 mana vipers
  53 ugly things
  14 fauns
  3 necromancers
  A manticore (shapeshifter) (Depths:2)
  3 orc sorcerers
  A faun (shapeshifter) (Depths:1)
  7 cyclopes
  36 deep elf zephyrmancers
  15 salamanders
  An oklob plant (Lair:6)
  2 wolf spiders (shapeshifter)
  2 shining eyes (Depths:1)
  10 merfolk sirens
  A moth of wrath (shapeshifter) (Vaults:5)
  25 manticores
  44 black mambas
  8 elephants
  8 moths of wrath (Zot:1)
  5 eyes of devastation (Depths:1)
  6 guardian serpents
  A rust devil (Depths:2)
  A stone giant skeleton (Vaults:3)
  26 vault sentinels
  A gargoyle (D:12)
  21 naga magi
  2 molten gargoyles (Volcano)
  5 water nymphs
  4 orange demons
  Joseph (D:7)
  18 cane toads
  A kobold demonologist (D:12)
  Maggie (D:8)
  2 ice devils (Depths:4)
  16 rime drakes
  13 komodo dragons
  A guardian mummy (D:12)
  4 freezing wraiths
  A hellwing (Depths:2)
  2 red devils (Depths:4)
  16 yaktaurs
  2 tengu conjurers
  32 merfolk
  5 trolls
  8 polar bears
  A tarantella (Vaults:1)
  13 blink frogs
  3 hornets
  10 wind drakes
  24 slime creatures
  A frost giant simulacrum (Vaults:1)
  9 snapping turtles
  8 dream sheep
  2 jumping spiders (Lair:2)
  A spriggan (Depths:4)
  A shadow (D:11)
  An ettin skeleton (Vaults:3)
  17 water elementals
  8 fire bats (Volcano)
  6 wraiths
  A hog (shapeshifter) (D:14)
  22 yaks
  2 chaos spawn
  6 steam dragons
  8 basilisks
  A neqoxec (Depths:4)
  14 wyverns
  3 golden eyes (Depths:1)
  2 humans (D:13)
  12 redbacks
  Grum (D:11)
  3 fire elementals
  10 vampire mosquitoes
  A yaktaur simulacrum (Vaults:1)
  38 nagas
  7 wargs
  A swamp worm (shapeshifter) (Vaults:3)
  4 acid dragons
  24 water moccasins
  A floating eye (Depths:1)
  3 hell hounds
  A floating eye (shapeshifter) (Elf:3)
  A sky beast (D:8)
  A meliai simulacrum (D:15)
  An ogre skeleton (Vaults:1)
  A swamp drake (Lair:6)
  9 black bears
  48 orc warriors
  2 wolves (D:11)
  3 ice beasts
  19 centaurs
  A human skeleton (Vaults:2)
  14 ogres
  4 phantoms
  9 kobold brigands
  4 elf zombies (Ossuary)
  A necrophage (D:7)
  3 scorpions
  9 bullfrogs
  3 earth elementals
  3 gnoll sergeants
  7 wights
  5 killer bees (D:9)
  4 electric eels
  3 howler monkeys
  8 lava snakes
  3 centaur zombies (Ossuary)
  6 human zombies
  4 hounds
  19 orc priests
  4 jellies
  Ijyb (D:4)
  7 iguanas
  27 orc wizards
  3 hell rats (Elf:2)
  3 mummies (Ossuary)
  10 adders
  9 gnolls
  A river rat (Lair:1)
  A shadow imp (D:5)
  3 white imps
  An ufetubus (Vaults:2)
  2 worms
  2 dart slugs
  112 orcs
  5 ball pythons
  4 bats
  9 endoplasms
  2 giant cockroaches (D:4)
  8 goblins
  10 hobgoblins
  12 jackals
  25 kobolds
  4 quokkas
  6 frilled lizards
  5 rats
  A spectral goblin (D:14)
  2 ball lightnings (Zot:1)
2005 creatures vanquished.

Vanquished Creatures (collateral kills)
  Sojobo (Depths:1)
1 creature vanquished.

Vanquished Creatures (others)
  The ghost of enile the Sorcerer, a legendary DjFE of Qazlal (Zot:1)
  The ghost of Gofuck the Warrior, a veteran DgAE (Zot:1)
  A curse toe (Zot:1)
  An eldritch tentacle (Zot:1)
  A manticore (Shoals:4)
  A polar bear (IceCv)
  A dream sheep (D:11)
  12 ball lightnings (Zot:1)
  83 fulminant prisms
  43 fungi
  149 plants
  8 tentacles (Shoals:1)
302 creatures vanquished.

Grand Total: 2308 creatures vanquished

Notes
Turn   | Place    | Note
-------+----------+-------------------------------------------
     0 | D:1      | testman the Draconian Conjurer began the quest for the Orb.
     0 | D:1      | Reached XP level 1. HP: 14/14 MP: 3/3
   289 | D:1      | Reached XP level 2. HP: 20/20 MP: 5/5
   292 | D:1      | Learned a level 2 spell: Searing Ray
   990 | D:1      | Reached XP level 3. HP: 26/26 MP: 6/6
   994 | D:1      | Learned a level 3 spell: Dazzling Flash
  2493 | D:3      | Reached skill level 1 in Shields
  2493 | D:3      | Reached XP level 4. HP: 33/33 MP: 8/8
  2554 | D:3      | Reached skill level 1 in Hexes
  2601 | D:3      | Reached XP level 5. HP: 7/38 MP: 7/9
  2963 | D:3      | Reached skill level 5 in Conjurations
  3482 | D:3      | Reached XP level 6. HP: 45/45 MP: 11/11
  3612 | D:4      | Found a sand-covered staircase.
  3622 | Ossuary  | Entered an ossuary
  3857 | Ossuary  | Your scales start taking on a dull iron-grey colour.
  3857 | Ossuary  | Reached XP level 7. HP: 47/50 MP: 7/13
  4297 | D:4      | Learned a level 4 spell: Fulminant Prism
  4329 | D:4      | Reached skill level 5 in Spellcasting
  4410 | D:4      | Found Wuizib's Armour Shoppe.
  4456 | D:5      | Entered Level 5 of the Dungeon
  4490 | D:5      | Reached XP level 8. HP: 49/57 MP: 11/15
  4572 | D:5      | Found Tuprysinn's Distillery.
  4593 | D:5      | Bought a potion of degeneration for 11 gold pieces
  4593 | D:5      | Bought a potion of flight for 33 gold pieces
  4593 | D:5      | Bought a potion of brilliance for 44 gold pieces
  4593 | D:5      | Bought a potion of heal wounds for 55 gold pieces
  4648 | D:5      | Learned a level 3 spell: Stone Arrow
  4667 | D:5      | Reached skill level 1 in Earth Magic
  4819 | D:5      | Reached skill level 2 in Earth Magic
  4956 | D:5      | Found a staircase to the Ecumenical Temple.
  4967 | Temple   | Entered the Ecumenical Temple
  5182 | Temple   | Became a worshipper of Vehumet
  5628 | D:4      | Noticed Ijyb
  5634 | D:4      | Killed Ijyb
  6306 | D:4      | Noticed Pikel
  6309 | D:4      | Reached * piety under Vehumet
  6309 | D:4      | Offered knowledge of Freeze by Vehumet.
  6315 | D:4      | Killed Pikel
  6316 | D:4      | Reached skill level 4 in Earth Magic
  6334 | D:4      | Reached XP level 9. HP: 62/62 MP: 3/18
  7173 | D:6      | Reached skill level 5 in Earth Magic
  7324 | D:6      | Reached skill level 5 in Hexes
  7511 | D:6      | Reached skill level 6 in Earth Magic
  7919 | D:6      | Offered knowledge of Poisonous Vapours by Vehumet.
  7949 | D:6      | Reached ** piety under Vehumet
  8185 | D:6      | Reached skill level 7 in Earth Magic
  8583 | D:6      | Learned a level 2 spell: Passwall
  8964 | D:7      | Learned a level 4 spell: Leda's Liquefaction
  8970 | D:7      | Learned a level 5 spell: Lee's Rapid Deconstruction
  9040 | D:7      | Reached skill level 1 in Staves
  9315 | D:7      | Found a sparkling altar of Nemelex Xobeh.
  9320 | D:7      | Reached XP level 10. HP: 69/69 MP: 22/22
  9349 | D:7      | Noticed Joseph
  9353 | D:7      | Reached skill level 8 in Earth Magic
  9358 | D:7      | Killed Joseph
  9652 | D:7      | Found Visasume's Weapon Shop.
 10061 | D:8      | Offered knowledge of Mephitic Cloud by Vehumet.
 10149 | D:8      | Found Ahaku's Weapon Boutique.
 10230 | D:8      | Noticed Maggie
 10238 | D:8      | Killed Maggie
 10239 | D:8      | Reached skill level 9 in Earth Magic
 10749 | D:8      | Noticed a two-headed ogre
 10756 | D:8      | Killed a two-headed ogre
 10952 | D:8      | Reached *** piety under Vehumet
 11168 | D:9      | Offered knowledge of Olgreb's Toxic Radiance by Vehumet.
 11169 | D:9      | Reached skill level 10 in Earth Magic
 11553 | D:9      | Found a stormy altar of Qazlal.
 11875 | D:9      | Found a sacrificial altar of Ru.
 11880 | D:9      | Found a hazy altar of Hepliaklqana.
 12044 | D:9      | Noticed a two-headed ogre
 12047 | D:9      | Killed a two-headed ogre
 12048 | D:9      | Reached XP level 11. HP: 74/74 MP: 23/24
 12340 | D:10     | Entered Level 10 of the Dungeon
 12346 | D:10     | Identified the +0 cloak of Faniamni {rN+ Dex+4}
 12364 | D:10     | Noticed a two-headed ogre
 12367 | D:10     | Killed a two-headed ogre
 12368 | D:10     | Reached skill level 10 in Spellcasting
 12427 | D:10     | Found Fameogih's Magic Scroll Shop.
 12435 | D:10     | Bought a scroll of fear for 35 gold pieces
 12435 | D:10     | Bought a scroll of fog for 20 gold pieces
 12435 | D:10     | Bought a scroll of blinking for 75 gold pieces
 12435 | D:10     | Bought a scroll of identify for 20 gold pieces
 12435 | D:10     | Bought a scroll of identify for 20 gold pieces
 12495 | D:10     | Found a staircase to the Lair.
 12502 | D:10     | Reached skill level 11 in Earth Magic
 12510 | D:10     | Reached **** piety under Vehumet
 12839 | D:10     | Found Giliys's Book Shoppe.
 12909 | D:10     | Noticed a two-headed ogre
 12911 | D:10     | Killed a two-headed ogre
 13003 | D:10     | Found Gatekh's Distillery.
 13018 | D:10     | Bought a potion of lignification for 33 gold pieces
 13018 | D:10     | Bought a potion of might for 44 gold pieces
 13214 | D:11     | Noticed Erica
 13420 | D:11     | Noticed a two-headed ogre
 13428 | D:10     | Killed a two-headed ogre
 13428 | D:10     | Killed Erica
 13429 | D:10     | Reached skill level 12 in Earth Magic
 13559 | D:11     | Offered knowledge of Irradiate by Vehumet.
 13980 | D:11     | Found a staircase to the Orcish Mines.
 14195 | D:11     | Got the Incunabulum of Shifting Cold
 14316 | D:11     | Noticed Grum
 14325 | D:11     | Killed Grum
 14553 | D:11     | Noticed a two-headed hydra
 14561 | D:11     | Killed a two-headed hydra
 14565 | D:11     | Reached skill level 1 in Evocations
 14565 | D:11     | Reached XP level 12. HP: 49/81 MP: 15/27
 15055 | D:12     | Noticed Frances
 15067 | D:12     | HP: 4/81 [Frances/+0 hand axe (2)]
 15070 | D:12     | Killed Frances
 15512 | D:12     | Noticed a boulder beetle
 15521 | D:12     | Killed a boulder beetle
 15522 | D:12     | Reached skill level 13 in Earth Magic
 15880 | D:12     | Found a portal to a secret trove of treasure.
 16153 | D:13     | Noticed a vault guard
 16460 | D:13     | Killed a vault guard
 16936 | D:13     | Noticed a vault guard
 16938 | D:13     | Killed a vault guard
 16938 | D:13     | Noticed a vault guard
 16939 | D:13     | Killed a vault guard
 16993 | D:13     | Found a gate to the Vaults.
 17011 | D:13     | Noticed a vault guard
 17019 | D:13     | Killed a vault guard
 17101 | D:13     | Noticed a boulder beetle
 17113 | D:13     | Killed a boulder beetle
 17232 | D:13     | Noticed a centaur warrior
 17241 | D:13     | Killed a centaur warrior
 17242 | D:13     | Reached skill level 5 in Evocations
 17281 | D:13     | Noticed a two-headed ogre
 17285 | D:13     | Killed a two-headed ogre
 17290 | D:13     | Reached ***** piety under Vehumet
 17290 | D:13     | Offered knowledge of Flame Wave by Vehumet.
 17625 | D:13     | Reached skill level 10 in Conjurations
 17625 | D:13     | Reached skill level 14 in Earth Magic
 17625 | D:13     | Reached XP level 13. HP: 86/86 MP: 27/29
 19365 | D:14     | Noticed Snorg
 19371 | D:14     | Killed Snorg
 19515 | D:14     | Found a hazy altar of Hepliaklqana.
 19601 | D:15     | Entered Level 15 of the Dungeon
 19620 | D:15     | Noticed a fire dragon
 19625 | D:15     | Killed a fire dragon
 19806 | D:15     | Found a staircase to the Depths.
 19807 | D:15     | Noticed a fire giant
 20153 | D:15     | Noticed a fire dragon
 20156 | D:15     | Killed a fire dragon
 20403 | D:15     | Noticed Josephine
 20637 | Lair:1   | Entered Level 1 of the Lair of Beasts
 20820 | D:10     | Bought a book of the Moon for 480 gold pieces
 20829 | D:10     | Learned a level 8 spell: Lehudib's Crystal Spear
 21290 | Lair:1   | Reached skill level 15 in Earth Magic
 22006 | Lair:2   | Found a dark tunnel.
 22024 | Volcano  | Entered a volcano
 22111 | Volcano  | Found a burning altar of Makhleb.
 22513 | Volcano  | Identified the +1 pair of boots of Kifrir {rPois Str+5}
 22535 | Volcano  | Identified a scroll of acquirement
 22651 | Lair:2   | Acquired 1036 gold pieces
 22825 | D:4      | Bought the +3 warlock's mirror {reflect} for 560 gold
                  | pieces
 22825 | D:4      | Found the +3 warlock's mirror {reflect}
 23064 | Lair:2   | Found a staircase to the Shoals.
 23234 | Lair:2   | Identified the +9 trident of Oozing Pus {flame, Fly rC-
                  | Stlth+}
 23331 | Lair:2   | Found a runed translucent door.
 23360 | Lair:2   | Reached XP level 14. HP: 55/93 MP: 27/31
 23525 | Lair:2   | Found a runed translucent gate.
 23525 | Lair:2   | Found a runed translucent gate.
 23525 | Lair:2   | Found a runed translucent gate.
 23525 | Lair:2   | Found a runed translucent gate.
 23525 | Lair:2   | Found a runed translucent gate.
 23525 | Lair:2   | Found a runed translucent gate.
 24993 | Lair:3   | Offered knowledge of Iskenderun's Battlesphere by Vehumet.
 25000 | Lair:3   | Learned a level 5 spell: Iskenderun's Battlesphere
 26068 | Lair:4   | Reached skill level 16 in Earth Magic
 26149 | Lair:4   | Found a staircase to the Snake Pit.
 26463 | Lair:4   | Learned a level 2 spell: Blink
 26639 | Lair:4   | Noticed Urug
 26647 | Lair:4   | Killed Urug
 28016 | Lair:6   | Entered Level 6 of the Lair of Beasts
 29394 | Lair:6   | Found an ornate altar of the Wu Jian Council.
 29760 | Lair:6   | Reached skill level 17 in Earth Magic
 30196 | Lair:6   | Found a staircase to the Slime Pits.
 30360 | Lair:6   | Reached XP level 15. HP: 99/99 MP: 29/33
 31561 | Orc:1    | Entered Level 1 of the Orcish Mines
 31718 | Orc:1    | Noticed an orc warlord
 31739 | Orc:1    | Killed an orc warlord
 32440 | Orc:1    | Found a shimmering blue altar of Sif Muna.
 32478 | Orc:2    | Entered Level 2 of the Orcish Mines
 32502 | Orc:2    | Noticed Erolcha
 32649 | Orc:2    | Killed Erolcha
 32806 | Orc:2    | Offered knowledge of Fireball by Vehumet.
 33090 | Orc:2    | Reached skill level 18 in Earth Magic
 33350 | Orc:2    | Found a staircase to the Elven Halls.
 33564 | Orc:2    | Found Zeedo's Weapon Emporium.
 33564 | Orc:2    | Found Gabup's Jewellery Boutique.
 33564 | Orc:2    | Found Qanamn's General Store.
 33567 | Orc:2    | Found Vufadya's Book Shoppe.
 33582 | Orc:2    | Bought the ring of the Pariah {+Blink rC+ Slay+3 SInv} for
                  | 729 gold pieces
 33596 | Orc:2    | Bought a scroll of magic mapping for 35 gold pieces
 33596 | Orc:2    | Bought a scroll of blinking for 75 gold pieces
 34190 | D:15     | Killed a fire giant
 34278 | D:15     | Killed Josephine
 34419 | D:15     | Identified the +12 crystal plate armour "Ygavvid" {rC+
                  | Will+ MP-9}
 34487 | D:15     | Found Suzuobb's Weapon Emporium.
 35085 | Snake:1  | Entered Level 1 of the Snake Pit
 35119 | Snake:1  | Found a frozen archway.
 35122 | IceCv    | Entered an ice cave
 35139 | IceCv    | Reached skill level 1 in Polearms
 35139 | IceCv    | Reached skill level 1 in Translocations
 36269 | IceCv    | Noticed a frost giant
 36269 | IceCv    | Noticed a frost giant
 36269 | IceCv    | Noticed a frost giant
 36286 | IceCv    | HP: 4/99 [ironbound frostheart/creeping frost (10)]
 36352 | IceCv    | Killed a frost giant
 36710 | IceCv    | Killed a frost giant
 36711 | IceCv    | Killed a frost giant
 36884 | IceCv    | Reached skill level 15 in Spellcasting
 36887 | IceCv    | Reached XP level 16. HP: 40/105 MP: 26/35
 36891 | IceCv    | Reached ****** piety under Vehumet
 36892 | IceCv    | Reached skill level 15 in Conjurations
 37496 | Snake:1  | Reached skill level 1 in Fighting
 37500 | Snake:1  | Offered knowledge of Starburst by Vehumet.
 37518 | Snake:1  | Found Roit's Book Shoppe.
 37518 | Snake:1  | Found Zadax's Jewellery Shop.
 37519 | Snake:1  | Found Cileutedgh's Jewellery Shop.
 37879 | Snake:1  | Found a burning altar of Makhleb.
 38337 | Snake:1  | Noticed Asterion
 38345 | Snake:1  | Killed Asterion
 39212 | Snake:2  | Found Cantuefu's Jewellery Emporium.
 39212 | Snake:2  | Found Qasi's Magic Scroll Shoppe.
 39304 | Snake:2  | Bought a scroll of enchant armour for 97 gold pieces
 39377 | Snake:2  | Found Pablo's Specialty Armours.
 40186 | Snake:2  | Reached skill level 19 in Earth Magic
 40374 | Snake:3  | Reached skill level 5 in Staves
 43065 | Snake:4  | Entered Level 4 of the Snake Pit
 43670 | Snake:4  | Noticed Aizul
 43676 | Snake:4  | Killed Aizul
 43837 | Snake:4  | Offered knowledge of Conjure Ball Lightning by Vehumet.
 43843 | Snake:4  | Noticed Louise
 43881 | Snake:4  | Killed Louise
 43882 | Snake:4  | Reached XP level 17. HP: 112/124 MP: 18/36
 44145 | Snake:4  | Reached skill level 5 in Fighting
 44145 | Snake:4  | Reached skill level 5 in Dodging
 44411 | Snake:4  | Noticed Vashnia
 44947 | Snake:4  | Killed Vashnia
 45838 | Snake:4  | Got a serpentine rune of Zot
 46635 | Shoals:1 | Entered Level 1 of the Shoals
 46957 | Shoals:1 | Learned a level 5 spell: Fireball
 47210 | Shoals:1 | Noticed a kraken
 47627 | Shoals:1 | Killed a kraken
 48224 | Shoals:2 | Offered knowledge of Iron Shot by Vehumet.
 48776 | Shoals:2 | Identified the +2 ring mail of the Flute {-Cast +Blink
                  | Int-5 SInv}
 50039 | Shoals:3 | Reached XP level 18. HP: 134/139 MP: 38/38
 50047 | Shoals:3 | Learned a level 6 spell: Iron Shot
 50231 | Shoals:3 | Reached skill level 20 in Earth Magic
 50234 | Shoals:3 | Offered knowledge of Spellforged Servitor by Vehumet.
 50235 | Shoals:3 | Reached skill level 1 in Fire Magic
 51049 | Shoals:4 | Entered Level 4 of the Shoals
 51372 | Shoals:4 | Found a runed translucent door.
 51385 | Shoals:4 | Found Doruhot's Distillery.
 51399 | Shoals:4 | Bought a potion of heal wounds for 70 gold pieces
 51399 | Shoals:4 | Bought a potion of heal wounds for 70 gold pieces
 51399 | Shoals:4 | Bought 2 potions of heal wounds for 140 gold pieces
 51715 | Shoals:4 | Identified the ring "Qoloizur" {Drain rC+ rN++ AC+4}
 52388 | Shoals:4 | Got a barnacled rune of Zot
 52977 | Shoals:4 | Offered knowledge of Shatter by Vehumet.
 52977 | Shoals:4 | Offered knowledge of Chain Lightning by Vehumet.
 52977 | Shoals:4 | Offered knowledge of Maxwell's Capacitive Coupling by
                  | Vehumet.
 53499 | Vaults:1 | Entered Level 1 of the Vaults
 54744 | Vaults:1 | Reached XP level 19. HP: 151/151 MP: 39/39
 54744 | Vaults:1 | Paralysed by a great orb of eyes for 6 turns
 54766 | Vaults:1 | Noticed Saint Roka
 54776 | Vaults:1 | Killed Saint Roka
 55931 | Vaults:2 | Noticed Mara
 55932 | Vaults:2 | Noticed testman's illusion
 55934 | Vaults:2 | Killed Mara
 55935 | Vaults:2 | Reached skill level 21 in Earth Magic
 56153 | Vaults:2 | Reached skill level 10 in Staves
 56622 | Vaults:2 | Found Wuily's Magic Scroll Emporium.
 56630 | Vaults:2 | Bought a scroll of blinking for 150 gold pieces
 59527 | Vaults:3 | Identified the +7 long sword "Murmur" {vorpal, rPois Str+2}
 59688 | Vaults:2 | Reached skill level 22 in Earth Magic
 59829 | Vaults:3 | Reached XP level 20. HP: 133/158 MP: 21/41
 60815 | Vaults:3 | Found a huge runed gate.
 60815 | Vaults:3 | Found a huge runed gate.
 60815 | Vaults:3 | Found a huge runed gate.
 60822 | Vaults:3 | Found a huge runed gate.
 60824 | Vaults:3 | Found a huge runed gate.
 60824 | Vaults:3 | Found a huge runed gate.
 60824 | Vaults:3 | Found a huge runed gate.
 60824 | Vaults:3 | Found a huge runed gate.
 60826 | Vaults:3 | Found a huge runed gate.
 60828 | Vaults:3 | Found a huge runed gate.
 60828 | Vaults:3 | Found a huge runed gate.
 60828 | Vaults:3 | Found a huge runed gate.
 60828 | Vaults:3 | Found a huge runed gate.
 60828 | Vaults:3 | Found a huge runed gate.
 60828 | Vaults:3 | Found a huge runed gate.
 60829 | Vaults:3 | Found a huge runed gate.
 60830 | Vaults:3 | Found a huge runed gate.
 60831 | Vaults:3 | Found a huge runed gate.
 60855 | Vaults:3 | Found a huge runed gate.
 60855 | Vaults:3 | Found a huge runed gate.
 60855 | Vaults:3 | Found a huge runed gate.
 60855 | Vaults:3 | Found a huge runed gate.
 60855 | Vaults:3 | Found a huge runed gate.
 60856 | Vaults:3 | Found a huge runed gate.
 60857 | Vaults:3 | Found a huge runed gate.
 60858 | Vaults:3 | Found a huge runed gate.
 60859 | Vaults:3 | Found a huge runed gate.
 60900 | Vaults:3 | Found a huge runed gate.
 60900 | Vaults:3 | Found a huge runed gate.
 60900 | Vaults:3 | Found a huge runed gate.
 60900 | Vaults:3 | Found a huge runed gate.
 60900 | Vaults:3 | Found a huge runed gate.
 60900 | Vaults:3 | Found a huge runed gate.
 60900 | Vaults:3 | Found a huge runed gate.
 60901 | Vaults:3 | Found a huge runed gate.
 60902 | Vaults:3 | Found a huge runed gate.
 61716 | Vaults:3 | Found a staircase to the Crypt.
 62290 | Vaults:3 | Reached skill level 23 in Earth Magic
 64684 | Depths:1 | Entered Level 1 of the Depths
 65679 | Depths:1 | Found a gateway to Hell.
 66383 | Depths:1 | Found the +5 demon whip "Spellbinder" {antimagic, Will+}
 66681 | Depths:1 | Reached skill level 24 in Earth Magic
 66691 | Depths:1 | Learned a level 9 spell: Shatter
 66949 | Depths:2 | Noticed Sojobo
 66949 | Depths:2 | Found a one-way gateway to a ziggurat.
 66961 | Depths:1 | Paralysed by an air elemental for 1 turns
 66962 | Depths:1 | HP: 3/157 [air elemental/stunning burst[Sojobo] (7)]
 67402 | Depths:1 | Killed Sojobo
 67403 | Depths:1 | Reached XP level 21. HP: 164/165 MP: 36/44
 69527 | D:12     | You paid a toll of a +6 demon whip to enter a treasure
                  | trove
 69528 | Trove    | Entered a treasure trove
 69574 | Trove    | Got Sif Muna's Compendium of Flying Hexes
 69576 | Trove    | Got the Papyrus of Stolen Souls
 69595 | Trove    | Identified the amulet "Yleta" {Acrobat Regen+}
 69599 | Trove    | Identified the amulet of Etaijuf {RegenMP +Blink}
 69677 | D:12     | Reached XP level 22. HP: 172/172 MP: 46/46
 69683 | D:12     | Learned a level 4 spell: Iskenderun's Mystic Blast
 70485 | Depths:2 | Found a one-way gate leading to the halls of Pandemonium.
 70490 | Depths:2 | Reached skill level 25 in Earth Magic
 70654 | Depths:2 | Found a radiant altar of Vehumet.
 70654 | Depths:2 | Noticed the Enchantress
 70660 | Depths:2 | Killed the Enchantress
 70661 | Depths:2 | Reached skill level 10 in Evocations
 70953 | Depths:3 | Found an ancient bone altar of Kikubaaqudgha.
 71456 | Depths:3 | Noticed a juggernaut
 71523 | Depths:3 | Killed a juggernaut
 71959 | Depths:3 | Found a one-way gate to the infinite horrors of the Abyss.
 72034 | Depths:4 | Entered Level 4 of the Depths
 72052 | Depths:4 | Noticed a golden dragon
 72057 | Depths:4 | Killed a golden dragon
 72060 | Depths:4 | Noticed a juggernaut
 72191 | Depths:4 | Noticed Jory
 72195 | Depths:4 | Killed Jory
 72339 | Depths:4 | Killed a juggernaut
 72795 | Depths:4 | Found a gate to the Realm of Zot.
 72811 | Depths:4 | Reached XP level 23. HP: 98/179 MP: 13/47
 73218 | Depths:4 | Reached skill level 10 in Fighting
 73798 | Depths:4 | Found a shadowy altar of Dithmenos.
 73858 | Depths:4 | Noticed Parghit
 73862 | Depths:4 | Killed Parghit
 75365 | Elf:1    | Entered Level 1 of the Elven Halls
 75454 | Elf:1    | Identified Roxanne's Incunabulum of Transformation
 75454 | Elf:1    | Noticed Roxanne
 75457 | Elf:1    | Killed Roxanne
 77860 | Elf:2    | Found Tiurelis's Magic Scroll Emporium.
 77906 | Elf:2    | Bought a scroll of fear for 52 gold pieces
 77906 | Elf:2    | Bought a scroll of amnesia for 52 gold pieces
 77975 | Elf:2    | Found a huge runed translucent gate.
 77975 | Elf:2    | Found a huge runed translucent gate.
 77976 | Elf:2    | Found a huge runed translucent gate.
 77976 | Elf:2    | Found a huge runed translucent gate.
 77977 | Elf:2    | Found a huge runed translucent gate.
 79355 | Elf:2    | Reached skill level 10 in Dodging
 79355 | Elf:2    | Reached skill level 26 in Earth Magic
 79644 | Elf:3    | Entered Level 3 of the Elven Halls
 80758 | Elf:3    | Identified the ring of the Sturgeon {rC+ rN+ Dex+7}
 80762 | Elf:3    | Reached XP level 24. HP: 146/194 MP: 48/48
 81191 | Elf:3    | Learned a level 5 spell: Yara's Violent Unravelling
 81377 | Elf:3    | Identified the +0 buckler of the Frog {Harm}
 81399 | Elf:3    | Identified the +1 leather armour "Jeceawk" {Str+2}
 81414 | Elf:3    | Identified the +4 rapier "Wecimm" {pain, rF+ rN+}
 81444 | Elf:3    | Identified the +3 fire dragon scales of the Hills {rF++ rC-
                  | Will+ Stlth+}
 81471 | Elf:3    | Identified the ring "Vopluotz" {rElec rF+} (You took it off
                  | a deep elf demonologist on level 3 of the Elven Halls)
 82278 | Vaults:5 | Entered Level 5 of the Vaults
 82648 | Vaults:5 | Paralysed by a sphinx for 2 turns
 82983 | Vaults:5 | Noticed an ancient lich
 83500 | Vaults:5 | Noticed an ancient lich
 83874 | Vaults:5 | Killed an ancient lich
 84189 | Vaults:5 | Killed an ancient lich
 84670 | Vaults:5 | Identified the +4 scimitar of Floods {pain, *Noise rC+
                  | Will+ SInv}
 84758 | Vaults:5 | Found the +8 storm bow {elec, penet}
 84862 | Vaults:5 | Identified the +6 great mace of the Manifold Priests {holy,
                  | rC+}
 84865 | Vaults:5 | Identified the ring of Esesch {Will+ Slay+4}
 84880 | Vaults:5 | Identified the +7 mace of Zinlaiw {flame, Str+5 Dex-4}
 85039 | Vaults:5 | Got a silver rune of Zot
 85533 | Zot:1    | Entered Level 1 of the Realm of Zot
 85536 | Zot:1    | Reached XP level 25. HP: 206/206 MP: 32/48
 85607 | Zot:1    | Found a huge runed gate.
 85608 | Zot:1    | Found a huge runed gate.
 85608 | Zot:1    | Found a huge runed gate.
 85608 | Zot:1    | Found a huge runed gate.
 85610 | Zot:1    | Found a huge runed gate.
 85610 | Zot:1    | Found a huge runed gate.
 85610 | Zot:1    | Found a huge runed gate.
 85610 | Zot:1    | Found a huge runed gate.
 85611 | Zot:1    | Found a huge runed gate.
 85616 | Zot:1    | Found a huge runed gate.
 85617 | Zot:1    | Found a huge runed gate.
 85618 | Zot:1    | Found a huge runed gate.
 85622 | Zot:1    | Found a huge runed gate.
 85623 | Zot:1    | Found a huge runed gate.
 85715 | Zot:1    | Found a huge runed gate.
 85771 | Zot:1    | Found a huge runed gate.
 85771 | Zot:1    | Found a huge runed gate.
 85960 | Zot:1    | Found a huge runed gate.
 85960 | Zot:1    | Found a huge runed gate.
 85960 | Zot:1    | Found a huge runed gate.
 85960 | Zot:1    | Found a huge runed gate.
 85961 | Zot:1    | Found a huge runed gate.
 85962 | Zot:1    | Found a huge runed gate.
 85963 | Zot:1    | Found a huge runed gate.
 85964 | Zot:1    | Found a huge runed gate.
 86077 | Zot:1    | Found a huge runed gate.
 86078 | Zot:1    | Found a huge runed gate.
 86229 | Zot:1    | Found a huge runed gate.
 86229 | Zot:1    | Found a huge runed gate.
 86229 | Zot:1    | Found a huge runed gate.
 86229 | Zot:1    | Found a huge runed gate.
 86229 | Zot:1    | Found a huge runed gate.
 86229 | Zot:1    | Found a huge runed gate.
 86231 | Zot:1    | Found a huge runed gate.
 86232 | Zot:1    | Found a huge runed gate.
 86233 | Zot:1    | Found a huge runed gate.
 86482 | Zot:1    | Noticed enile's ghost (legendary DjFE)
 86482 | Zot:1    | Noticed Robrejig's ghost (legendary DsFi)
 86482 | Zot:1    | Noticed Meadakhi's ghost (master DgEE)
 86482 | Zot:1    | Noticed Gofuck's ghost (veteran DgAE)
 86482 | Zot:1    | Noticed Ytolar's ghost (legendary DsFi)
 86485 | Zot:1    | Reached skill level 27 in Earth Magic
 87124 | Depths:4 | Learned a level 3 spell: Swiftness
 87175 | Depths:4 | Killed Meadakhi's ghost
 88715 | Zot:1    | Killed enile's ghost
 88741 | Zot:1    | Killed Gofuck's ghost
 89262 | Zot:1    | Noticed an orb of fire
 89271 | Zot:1    | Killed an orb of fire
 89843 | Zot:1    | HP: 1/209 [quicksilver dragon/bolt of dispelling energy
                  | (15)]
 89862 | Zot:1    | HP: 8/209 [death cob (8)]
 89869 | Zot:1    | Slain by a death cob

Illustrated notes

Levels and vault maps discovered:
D:1:      amcnicky_arrival_abandoned_market, layout_basic
D:2:      layout_basic
D:3:      layout_basic
D:4:      cheibrodos_helix_gallery, layout_basic, serial_shops, shop,
          nicolae_ossuary_entry_ruins, uniq_ijyb, uniq_pikel
D:5:      layout_gridville, minmay_temple_entry_grid, serial_shops, shop_statue,
          corner_web_ring
D:6:      layout_loops_corners, minmay_pentangle
D:7:      layout_loops_ring, nemelex_xobeh_ov_fountains_minmay, serial_shops,
          shop, uniq_joseph
D:8:      layout_cave_pools, special_room [special_room_orc], serial_shops,
          shop, grunt_tough_drop, uniq_maggie
D:9:      layout_loops_ring, nicolae_qazlal_scattered_showers,
          mainiacjoe_overflow_big_doors
D:10:     layout_rooms, david_lair_generic, serial_shops, nicolae_square_shop,
          shop, shop
D:11:     layout_big_octagon, erik_orc_3, hangedman_ranch, uniq_erica, uniq_grum
D:12:     layout_basic, nicolae_trove_entry_path_of_doom, uniq_frances
D:13:     layout_roguey, grunt_vaults_entry_fortified
D:14:     layout_basic, nicolae_hepliaklqana_monster_ancestors, uniq_snorg
D:15:     grunt_enter_depths_giant_problem, layout_loops_ring, serial_shops,
          nicolae_shop_bloodbath_and_beyond, chequers_garden,
          minmay_protected_statue, uniq_josephine
Temple:   dpeg_five_rooms_temple
Lair:1:   layout_regular_city, chequers_serial_rivers_large_b, pond,
          grunt_megastairs_5, infiniplex_staircase_pool_2
Lair:2:   gammafunk_indiana_jones, layout_layer_cave, minmay_shoals_entry_hut,
          nicolae_volcano_entry_lava_flow
Lair:3:   layout_long_grid, grunt_megastairs_1, infiniplex_staircase_pool
Lair:4:   layout_regular_city, dummy_snake_entry, beast_lair_carwin_11,
          lemuel_fruit_fields, serial_bayou_shore_a, grunt_megastairs_2,
          serial_bayou_shore_b, lemuel_fruit_tree, lemuel_fruit_fields,
          uniq_urug
Lair:5:   layout_hall_layers
Lair:6:   hangedman_lair_tendril_chambers, layout_misc_corridors,
          guppyfry_lair_end_dragon, slime_dummy, lemuel_oklob_altar,
          lemuel_fruit_fields
Shoals:1: layout_shoals
Shoals:2: layout_shoals, nicolae_shoals_loop_pool
Shoals:3: layout_shoals
Shoals:4: shoals_end_grunt_ice, layout_shoals, serial_shops, shop_statue,
          lightli_airlock
Snake:1:  layout_layer_cave, basic_altar, portal_ice_cave_entry_pillars_1,
          special_room, nicolae_snake_gridmaze_zigzag, minmay_shop_grove,
          uniq_asterion
Snake:2:  layout_grid_shapes, nicolae_barding_shop, minmay_shoptagon
Snake:3:  layout_layer_cave
Snake:4:  johnstein_snake_rune_scales, layout_misc_corridors, eino_curves_04,
          uniq_louise, uniq_vashnia, uniq_aizul
Orc:1:    layout_caves, kennysheep_orc_sif_temple
Orc:2:    st_orc_rangers, layout_caves, uniq_erolcha
Elf:1:    layout_geoelf_grid, kennysheep_underground_church, uniq_roxanne
Elf:2:    elven_hall_of_blades_hangedman_alternative [nicolae_blade_tridents],
          layout_loops_cross, special_room [special_room_mythical_zoo],
          serial_shops, shop
Elf:3:    minmay_elf_hall_statues, layout_onion_city,
          serial_sigils_hangedman_scratch
Vaults:1: nicolae_vaults_back_hallway, ontoclasm_vaults_pinch,
          nicolae_vaults_windows_and_doors_thing,
          hangedman_vaults_hard_town_square, v_pattern_1,
          nicolae_vaults_specimen_jars, ontoclasm_vaults_ring_square, v_misc_10,
          ontoclasm_vaults_twist, hangedman_vaults_corner_blocks,
          ontoclasm_vaults_ring_square, layout_vaults_ring, uniq_saint_roka
Vaults:2: ontoclasm_vaults_tryst, nicolae_vaults_triangles,
          nicolae_vaults_yaktaur_gun_rack, nicolae_vaults_angled_halls,
          vaults_dpeg_diagonal, vaults_room_boxed, grunt_vaults_hallway_short,
          vaults_mumra_hex, layout_vaults_omnigrid, serial_shops, shop,
          uniq_mara
Vaults:3: serial_ice_g, vaults_mumra_minichess, hangedman_vaults_slither,
          door_vault, v_alt_pattern_5, v_misc_3,
          nicolae_vaults_ring_of_whatevers, hangedman_vaults_corner_blocks,
          v_misc_3, vaults_room_door_ring, hangedman_vaults_variations,
          hangedman_vaults_stretched_pinwheel, minmay_crypt_entry_simple_box,
          layout_vaults_omnibox
Vaults:4: nicolae_vaults_stairing_the_circle, vaults_standard_mumra_x,
          grunt_vaults_swirl, vaults_standard_mumra_lines,
          nicolae_vaults_network_periphery, v_misc_29, vaults_room_octagon,
          nicolae_vaults_hallways_thing, nicolae_vaults_diagonal_hallway_8,
          vaults_room_pools, vaults_room_hallway, vaults_room_semicircle,
          vaults_dpeg_ring, layout_vaults_omnicross
Vaults:5
Depths:1: layout_forbidden_donut, grunt_metal_band, roderic_roman_lattice,
          hangedman_eye_storm, grunt_megastairs_4
Depths:2: grunt_forest_end_shrine, layout_basic, enter_ziggurat_f,
          rand_demon_pan_entry_9, serial_sigils_hangedman_snap, hell_entry,
          feat_on_display, minmay_staircase_windowed_large, uniq_sojobo
Depths:3: minmay_shrinking_squares, layout_cave_pools,
          hangedman_abyss_entry_splay, pf_hell_entry_tar_river,
          kiku_gazebo_pond_becter, infiniplex_staircase_zigzag_2
Depths:4: grunt_zot_entry_tricorne, layout_twisted_cross,
          pf_dread_powers_of_hell, grunt_pan_entry_in_and_out,
          chequers_big_river, nicolae_dithmenos_the_darkroom, uniq_parghit,
          uniq_jory
Zot:1:    layout_basic, gammafunk_ghost_door_vault

Skill      XL: |  1  2  3  4  5  6  7  8  9 10 11 12 13 14 15 16 17 18 19 20 21 22 23 24 25 |
---------------+----------------------------------------------------------------------------+-----
Dodging        | 2 4 6 8 10 11 12 | 12.2
Shields        | 1 3 4 |  4.0
Hexes          | 1 2 3 4 5 6 |  6.0
Spellcasting   | 3 4 5 6 8 9 11 12 13 14 15 16 17 19 20 21 | 21.8
Conjurations   | 5 6 7 8 10 11 13 14 15 16 17 18 19 | 19.2
Earth Magic    | 4 7 10 12 14 15 17 18 19 20 22 24 25 26 27 | 27.0
Staves         | 1 3 5 7 9 11 | 11.9
Evocations     | 1 5 7 8 9 11 12 13 14 | 14.1
Polearms       | 2 |  2.0
Translocations | 3 |  3.0
Fighting       | 4 7 9 11 13 | 13.9
Fire Magic     | 2 |  2.0
Stealth        | |  1.7

Action                   |  1- 3 |  4- 6 |  7- 9 | 10-12 | 13-15 | 16-18 | 19-21 | 22-24 | 25-27 || total
-------------------------+-------+-------+-------+-------+-------+-------+-------+-------+-------++-------
Melee: Dagger            |    44 |    32 |    17 |       |       |       |       |       |       ||    93
       Tailslap          |     3 |     2 |     2 |     2 |    20 |    45 |    39 |    14 |    11 ||   138
       Flail             |       |     1 |       |       |       |       |       |       |       ||     1
       Staff             |       |       |       |    39 |   120 |   261 |   206 |    67 |    84 ||   777
Throw: Dart              |       |       |     2 |       |       |       |       |       |       ||     2
 Cast: Magic Dart        |    57 |     9 |    35 |    11 |   159 |    65 |       |     5 |     4 ||   345
       Searing Ray       |     8 |    20 |    20 |     4 |     7 |     1 |       |       |       ||    60
       Dazzling Flash    |       |       |     3 |     8 |    17 |     4 |     2 |     2 |       ||    36
       Stone Arrow       |       |       |    96 |   260 |   490 |   291 |    39 |    12 |    11 ||  1199
       Fulminant Prism   |       |       |     7 |    11 |    22 |    28 |     9 |     5 |     1 ||    83
       Lee's Rapid Decon |       |       |     1 |    50 |    78 |    23 |    32 |    11 |       ||   195
       Leda's Liquefacti |       |       |       |    21 |    22 |    13 |     3 |     5 |     2 ||    66
       Iskenderun's Batt |       |       |       |       |    81 |    51 |       |     4 |     4 ||   140
       Blink             |       |       |       |       |     2 |       |       |       |       ||     2
       Lehudib's Crystal |       |       |       |       |    16 |    99 |    68 |    51 |    37 ||   271
       Fireball          |       |       |       |       |       |    75 |    70 |    33 |     8 ||   186
       Iron Shot         |       |       |       |       |       |   105 |   317 |   333 |    68 ||   823
       Shatter           |       |       |       |       |       |       |     9 |    50 |     7 ||    66
       Iskenderun's Myst |       |       |       |       |       |       |       |    17 |    15 ||    32
       Passwall          |       |       |       |       |       |       |       |     5 |    12 ||    17
       Swiftness         |       |       |       |       |       |       |       |       |     2 ||     2
       Yara's Violent Un |       |       |       |       |       |       |       |       |     2 ||     2
 Abil: Evoke Blink       |       |       |       |       |       |     2 |     5 |     3 |     6 ||    16
Evoke: Wand              |       |       |       |     1 |    10 |     1 |     5 |       |     9 ||    26
       Phantom mirror    |       |       |       |       |       |       |     1 |       |       ||     1
       Lightning rod     |       |       |       |       |       |       |     3 |       |       ||     3
       Phial of floods   |       |       |       |       |       |       |       |       |     1 ||     1
  Use: Scroll            |       |     1 |    15 |     8 |    18 |     3 |     9 |     5 |     6 ||    65
       Potion            |       |     1 |       |     3 |    11 |     2 |     6 |     2 |    12 ||    37
 Stab: Sleeping          |    10 |     1 |     1 |       |       |     3 |     1 |       |     1 ||    17
       Invisible         |       |       |       |       |       |     2 |       |       |       ||     2
Armor: Skin              |    17 |    31 |    19 |    74 |   153 |   161 |   140 |    87 |    91 ||   773
Dodge: Dodged            |    27 |    43 |    36 |    91 |   211 |   188 |   141 |   121 |   129 ||   987
Block: Buckler           |     2 |     5 |     8 |    30 |   171 |   312 |   203 |   149 |   135 ||  1015
       Reflection        |       |       |       |       |    34 |    73 |    38 |    56 |    20 ||   221

Table legend: (Time is in decaauts)
 A = Elapsed time spent in this place.
 B = Non-inter-level travel time spent in this place.
 C = Inter-level travel time spent in this place.
 D = Time resting spent in this place.
 E = Time spent auto-exploring this place.
 F = Levels seen in this place.
 G = Mean time per level.
                   A        B        C        D        E       F      G
               +--------+--------+--------+--------+--------+-----+--------+
         Total |  89963 |  84131 |   5832 |  38571 |  34023 |  49 | 1836.0 |
       Dungeon |  23214 |  20428 |   2786 |   7107 |  10806 |  15 | 1547.6 |
        Temple |    267 |    212 |     55 |      0 |    201 |   1 |  267.0 |
          Lair |  10307 |   9608 |    699 |   3631 |   4906 |   6 | 1717.8 |
        Shoals |   6672 |   6479 |    193 |   2768 |   2918 |   4 | 1668.0 |
     Snake Pit |   8981 |   8713 |    268 |   4004 |   3583 |   4 | 2245.2 |
  Orcish Mines |   2284 |   2074 |    210 |    848 |    871 |   2 | 1142.0 |
   Elven Halls |   6662 |   6425 |    237 |   3089 |   2372 |   3 | 2220.7 |
        Vaults |  13974 |  13211 |    763 |   6997 |   4368 |   5 | 2794.8 |
        Depths |  11585 |  11018 |    567 |   6454 |   3098 |   4 | 2896.2 |
           Zot |   2248 |   2198 |     50 |   1354 |    336 |   1 | 2248.0 |
         Trove |    138 |    138 |      0 |      0 |     39 |   1 |  138.0 |
       Ossuary |    613 |    613 |      0 |    292 |    192 |   1 |  613.0 |
      Ice Cave |   2385 |   2385 |      0 |   1673 |    260 |   1 | 2385.0 |
       Volcano |    626 |    626 |      0 |    353 |     73 |   1 |  626.0 |
               +--------+--------+--------+--------+--------+-----+--------+

Top non-repeatable levels by time:
Depths:4: 3952 daAuts
Vaults:4: 3949 daAuts
Vaults:2: 3691 daAuts
Depths:1: 3317 daAuts
 Snake:3: 3200 daAuts
Vaults:3: 2954 daAuts
 Snake:4: 2664 daAuts
   Elf:2: 2572 daAuts
  Lair:6: 2424 daAuts
   IceCv: 2385 daAuts
Depths:3: 2319 daAuts
    D:13: 2290 daAuts
    D:12: 2277 daAuts
Vaults:1: 2254 daAuts
   Zot:1: 2248 daAuts
